cohdb
Replays
Latest Replays
All Replays
Popular Replays
Top Player Replays
Match Explorer
How It Works
Community
CoH3 Stats
Reddit
Sign in to upload your games and track your stats! →
Sign in with Steam
Match 38407527
Unlisted
Match 38407527
Overview
Messages
Build Orders
End
Scout Squad
Construct Barracks
Riflemen Squad
Riflemen Squad
Riflemen Squad
Grenade Package
Construct Medical Station
Infantry Support Center
Engineer Squad
M1918 Browning Automatic Rifles
Riflemen Squad
Construct Motor Pool
M1 Anti-tank Gun Team
Selects Armored Battlegroup
Selects Veteran Crews
Selects M31 Recovery Vehicle
Selects War Machine
Selects Fast Deploy
M8 Greyhound Armored Car
1⁄4-ton 4x4 Truck
M8 Greyhound Armored Car
M31 Recovery Vehicle
Selects Seek and Destroy
Selects UNKNOWN (2160077)
Construct Tank Depot
M1 Anti-tank Gun Team
M4A3E8 Sherman Easy Eight
Haribo_Sneakers
A Hard Boiled Egg
vonMises
Mael Radec
0
0
Comments
sign in to comment!
No comments posted yet!